 Dungeon Crawl Stone Soup version 0.31.0-11-ge490571c62 (webtiles) character file.

Game seed: 2114315779755755409

3 qw the Shooter (level 1, -3/12 HPs)
             Began as a Deep Elf Hunter on Feb 3, 2024.
             Slain by a goblin
             ... wielding a +4 dagger
              (7 damage)
             ... on level 1 of the Dungeon.
             The game lasted 00:00:02 (146 turns).

qw the Shooter (Deep Elf Hunter)                     Turns: 146, Time: 00:00:03

Health: -3/12      AC:  3    Str:  8    XL:     1   Next: 41%
Magic:  3/3        EV: 12    Int: 13    God:
Gold:   11         SH:  0    Dex: 18    Spells: 0/0 levels left

rFire   . . .        a - +0 shortbow
rCold   . . .        (shield currently unavailable)
rNeg    . . .        c - +0 leather armour
rPois   .            (no helmet)
rElec   .            (no cloak)
rCorr   .            (no gloves)
SInv    .            (no boots)
Will    .....        (no amulet)
Stlth   ++           (no ring)
HPRegen 0.22/turn    (no ring)
MPRegen 0.08/turn

%: no passive effects
@: no status effects
A: no striking features
a: no special abilities


You were on level 1 of the Dungeon.
You visited 1 branch of the dungeon, and saw 1 of its levels.

You collected 11 gold pieces.


   Skills:
 - Level 1.5 Fighting
 + Level 5.5 Ranged Weapons
 - Level 2.4 Dodging
 - Level 1.2 Stealth


You couldn't memorise any spells.
You didn't know any spells.
Your spell library was empty.

Inventory:

Hand Weapons
 a - a +0 shortbow (weapon)
Armour
 c - a +0 leather armour (worn)
 f - a +0 scale mail
Scrolls
 b - a scroll of butterflies
 d - a scroll of identify {unknown}
Potions
 e - 2 potions of invisibility {unknown}

Dungeon Overview and Level Annotations

Branches:
Dungeon (1/15)

Altars:


Message History

You shoot an arrow. The arrow barely misses the jackal.
The jackal barks!
You hear a bark!
A jackal comes into view.
A goblin comes into view. It is wielding a +4 dagger.
You shoot an arrow. The arrow closely misses the jackal.
The goblin shouts!
A jackal comes into view.
Enter note:
Enter note:
Enter note:
Enter note:
139 ||| RETREEEEATING.
You shoot an arrow. The arrow hits the jackal.
The jackal is moderately wounded.
The jackal barely misses you.
You shoot an arrow. The arrow misses the jackal.
The arrow hits the jackal!
You kill the jackal!
The jackal barely misses you. The jackal misses you.
You shoot an arrow. The arrow closely misses the jackal.
The jackal misses you. x2; The jackal barely misses you.
The jackal closely misses you.
You shoot an arrow. The arrow closely misses the jackal.
The jackal bites you but does no damage.
The jackal completely misses you. The jackal misses you.
You shoot an arrow. The arrow hits the jackal.
The jackal is almost dead.
The jackal bites you. x2; The jackal closely misses you.
The goblin closely misses you.
You shoot an arrow. The arrow barely misses the jackal.
The jackal closely misses you. The jackal barely misses you. x2
The jackal bites you but does no damage.
The goblin hits you with a +4 dagger. The jackal closely misses you.
The jackal bites you but does no damage.
You shoot an arrow. The arrow misses the jackal.
The jackal closely misses you.
The jackal bites you but does no damage.
The jackal closely misses you. The goblin hits you with a +4 dagger!
Ouch! That really hurt!
You die...

.###.#%........# .#
#.##........# .#
#.##........# '#
...#........#### <#
...#...........#
###...#...........#
....#...........#
#...........#
#.........@h#
#........ghh#
..........%..>#
.....#####.#..#
.... #.#..# ..
#.#..# #.#..#
#.#..# #. h.#


You could see 3 jackals and a goblin.

Vanquished Creatures
  A ball python (D:1)
  A jackal (D:1)
  A frilled lizard (D:1)
3 creatures vanquished.

Notes
Turn   | Place    | Note
-------+----------+-------------------------------------------
     0 | D:1      | qw the Deep Elf Hunter began the quest for the Orb.
     0 | D:1      | Reached XP level 1. HP: 12/12 MP: 3/3
     0 | D:1      | 0 ||| qw: Version: 0.3-a-155-g5e7d8dd
     0 | D:1      | 0 ||| qw: Game counter: 3259
     0 | D:1      | 0 ||| qw: Melee chars always use a shield: true
     0 | D:1      | 0 ||| qw: God list: Okawaru
     0 | D:1      | 0 ||| qw: Allow faded altars: false
     0 | D:1      | 0 ||| qw: Do Orc after clearing Dungeon:15 true
     0 | D:1      | 0 ||| qw: Do second Lair branch before Depths: true
     0 | D:1      | 0 ||| qw: Lair rune preference: random
     0 | D:1      | 0 ||| qw: Goals: Normal
     0 | D:1      | 0 ||| PLANNING D:1-11
   139 | D:1      | 139 ||| RETREEEEATING.
   146 | D:1      | Slain by a goblin

Levels and vault maps discovered:
D:1:      wheals_arrival_linesprint, layout_basic

Action                     || total
---------------------------++-------
   Fire: Shortbow          ||    14
 Armour: Leather armour    ||     8
  Dodge: Dodged            ||    17

Table legend:
 A = Non-vault XP
 B = Vault XP
 C = Vault XP percentage of total XP
 D = Non-vault monster count
 E = Vault monster count
 F = Vault count percentage of total count
                 A         B        C        D         E       F
            +---------+---------+-------+---------+---------+-------
      Total |       5 |       0 |   0.0 |       3 |       0 |   0.0
            +---------+---------+-------+---------+---------+-------
        D:1 |       5 |       0 |   0.0 |       3 |       0 |   0.0
            +---------+---------+-------+---------+---------+-------
